 Dungeon Crawl Stone Soup version 0.26-a0-667-g92642533e4 (webtiles) character file.

Game seed: 1072053012241808100

13979 YayAnonymity the Cleaver (level 12, 0/100 HPs)
             Began as a Formicid Fighter on Oct 18, 2020.
             Was an Initiate of Qazlal.
             Killed from afar by a tengu reaver (9 damage)
             ... with a bolt of poison
             ... on level 12 of the Dungeon.
             The game lasted 00:26:05 (10972 turns).

YayAnonymity the Cleaver (Formicid Fighter)        Turns: 10972, Time: 00:26:06

Health: 0/100      AC: 16    Str: 27    XL:     12   Next: 39%
Magic:  14/14      EV: 10    Int: 11    God:    Qazlal [......]
Gold:   1548       SH: 18    Dex: 16    Spells: 11/11 levels left

rFire    . . .     SeeInvis +   a - +6 war axe of Gozag's Scorn {elec, Fragile +Inv Str+2 Int+2}
rCold    . . .     Faith    .   c - +1 kite shield
rNeg     . . .     Spirit   .   t - +3 ring mail {rPois}
rPois    +         Reflect  +   (helmet unavailable)
rElec    .         Harm     .   k - +2 cloak
rCorr    .         Rampage  .   (no gloves)
MR       +....                  q - +2 pair of boots
Stlth    +.........             h - amulet of reflection
HPRegen  0.26/turn              l - +6 ring of dexterity
MPRegen  0.14/turn              (no ring)

@: lethally poisoned (0 -> -16)
A: permanent stasis, dig shafts and tunnels, four strong arms, antennae 3
a: Dig, Shaft Self, Renounce Religion, Evoke Invisibility


You were on level 12 of the Dungeon.
You worshipped Qazlal.
Qazlal was noncommittal.
You visited 2 branches of the dungeon, and saw 13 of its levels.
You also visited: Bailey.

You collected 1548 gold pieces.

Inventory:

Hand Weapons
 a - the +6 war axe of Gozag's Scorn (weapon) {elec, Fragile +Inv Str+2 Int+2}
   (You found it on level 8 of the Dungeon)

   Occasionally, upon striking a foe, it will discharge some electrical energy
   and cause terrible harm.
   It affects your strength (+2).
   It affects your intelligence (+2).
   It lets you turn invisible.
   It will be destroyed if unequipped.
 b - the +7 rapier "Vietyre" {vorpal, +Rage SInv Stlth+}
   (You found it on level 5 of the Dungeon)

   It inflicts extra damage upon your enemies.
   It lets you see invisible.
   It lets you go berserk.
   It makes you more stealthy.
 i - the +9 dagger "Nonuy" {vorpal, rC+ Int+4 SInv}
   (You found it on level 5 of the Dungeon)

   It inflicts extra damage upon your enemies.
   It affects your intelligence (+4).
   It protects you from cold.
   It lets you see invisible.
 B - a +4 great mace of draining
Missiles
 A - 4 throwing nets (quivered)
Armour
 c - a +1 kite shield (worn)
 k - a +2 cloak (worn)
 q - a +2 pair of boots (worn)
 t - a +3 ring mail of poison resistance (worn)
Jewellery
 h - an amulet of reflection (around neck)
 l - a +6 ring of dexterity (left hand)
 w - an uncursed amulet of guardian spirit {unknown}
 G - an uncursed amulet of the acrobat {unknown}
Wands
 n - a wand of iceblast (17)
 p - a wand of enslavement (19)
 r - a wand of disintegration (20)
 u - a wand of acid (16)
 v - a wand of flame (36)
Scrolls
 e - 3 scrolls of remove curse
 f - 3 scrolls of enchant armour
 H - 3 scrolls of fear
Potions
 d - 2 potions of might
 g - 5 potions of curing
 j - 3 potions of heal wounds
 m - a potion of cancellation
 o - 3 potions of mutation
 s - 2 potions of lignification
 x - 2 potions of ambrosia
 z - 3 potions of flight
 C - a potion of brilliance {unknown}
 E - a potion of experience {unknown}
 F - a potion of resistance {unknown}
 I - 2 potions of degeneration {unknown}
Miscellaneous
 D - a condenser vane (2/2)


   Skills:
 + Level 11.3 Fighting
 + Level 13.1 Axes
 + Level 8.3 Armour
 - Level 8.0 Shields
 * Level 3.8 Invocations


You had 11 spell levels left.
You didn't know any spells.
Your spell library contained the following spells:

 Spells                   Type           Power        Failure   Level
 Animate Skeleton         Necr           #.....       52%         1
 Apportation              Tloc           #.....       52%         1
 Corona                   Hex            #......      52%         1
 Magic Dart               Conj           #...         52%         1
 Pain                     Necr           #...         52%         1
 Summon Small Mammal      Summ           #...         52%         1
 Call Imp                 Summ           #.......     67%         2
 Ensorcelled Hibernation  Hex/Ice        #.....       67%         2
 Slow                     Hex            #.......     67%         2
 Confusing Touch          Hex            #.......     88%         3
 Conjure Flame            Conj/Fire      #.......     88%         3
 Dazzling Flash           Conj/Hex       #.....       88%         3
 Gell's Gravitas          Tloc           #.........   88%         3
 Inner Flame              Hex/Fire       #.......     88%         3
 Mephitic Cloud           Conj/Pois/Air  #.......     88%         3
 Portal Projectile        Hex/Tloc       #.....       88%         3
 Tukima's Dance           Hex            #.......     88%         3
 Vampiric Draining        Necr           #.........   88%         3
 Animate Dead             Necr           #.........   99%         4
 Cause Fear               Hex            #.........   99%         4
 Leda's Liquefaction      Hex/Erth       #.........   99%         4
 Petrify                  Tmut/Erth      #.......     99%         4
 Agony                    Necr           #.......     100%        5
 Metabolic Englaciation   Hex/Ice        #.........   100%        5
 Yara's Violent Unravell  Hex/Tmut       #.........   100%        5
 Blink                    Tloc           Unusable     N/A         2

Dungeon Overview and Level Annotations

Branches:
Dungeon (12/15)            Temple (1/1) D:4            Lair (0/6) D:8
    Orc (0/2) D:9          Bailey (visited)

Altars:
Ashenzari
Cheibriados
Dithmenos
Elyvilon
Fedhas
Gozag
Hepliaklqana
Kikubaaqudgha
Makhleb
Nemelex Xobeh
Okawaru
Qazlal
Ru
Sif Muna
Trog
Uskayaw
Vehumet
Wu Jian
Xom
Yredelemnul
Zin
The Shining One

Shops:
D:4 (

Annotations:
D:3 1 runed translucent door, Crazy Yiuf


Innate Abilities, Weirdness & Mutations

You cannot be hasted, slowed, berserked, paralysed or teleported.
You can dig through walls and to a lower floor.
Your four strong arms can wield two-handed weapons with a shield.
You have a pair of large antennae on your head. (SInv)


Message History

You slice the ice beast!!
Lightning courses through the ice beast!
You kill the ice beast!
Qazlal accepts your kill.
You hit the wight but do no damage. Lightning courses through the wight!
You destroy the wight!
Qazlal accepts your kill.
The tengu reaver points at you and mumbles some strange words.
The blast of poison misses you.
A shadow comes into view.
An acid dragon comes into view.
The acid dragon roars!
You hear a shout!
The meliai invokes the aid of its god against you.
Something smites you!
* * * LOW HITPOINT WARNING * * *
The tengu reaver gestures at you while chanting.
The bolt of poison hits you!
You are lethally poisoned!
You resist.
You die...

.........
#...$....
#........
#........
#........
#########☼○.......
......☼§○○........
......○☼z☼○......
........@○.###.##
.........Q.##..
..........y#.# #.
.............# ...
##########.#.D.#.#
#.#....# #.# #W##
### #######.##T..#
#.. .......[#.# .#


You could see a tengu reaver, an acid dragon, a shadow, a meliai and a wight.

Vanquished Creatures
  Josephine (D:10)
  Erolcha (D:10)
  Pikel (D:8)
  3 ugly things
  A cyclops (D:11)
  Psyche (D:8)
  2 kobold demonologists
  A troll (D:12)
  A tyrant leech (D:12)
  A hornet (D:7)
  Grinder (D:4)
  Prince Ribbit (D:8)
  A shadow (D:9)
  5 wraiths (D:10)
  A vampire (D:12)
  A wyvern (D:9)
  Eustachio (D:5)
  2 swamp worms (D:12)
  Duvessa (D:4)
  4 water moccasins
  4 orc warriors
  6 black bears
  5 ogres
  4 sky beasts
  A hornet zombie (D:7)
  3 ice beasts (D:12)
  A phantom (D:9)
  3 centaurs
  A lemure (D:8)
  5 bullfrogs
  2 big kobolds
  Blork the orc (D:6)
  8 gnoll sergeants (Bailey)
  Dowan (D:4)
  3 scorpions
  4 killer bees (D:8)
  11 wights
  A howler monkey (D:2)
  2 centaur zombies
  2 bullfrog zombies
  7 hounds
  6 orc priests
  2 bullfrog skeletons
  2 centaur skeletons
  7 gnoll shamans
  A jelly (D:8)
  10 orc wizards
  Terence (D:2)
  An iguana (D:2)
  9 worker ants
  8 ogre zombies (D:9)
  2 worker ant zombies
  23 gnolls
  8 adders
  A white imp (D:5)
  An ufetubus (D:6)
  An adder skeleton (D:9)
  4 worms
  3 dart slugs
  6 leopard geckos
  46 orcs
  2 ball pythons
  6 bats
  A giant cockroach (D:6)
  5 goblins
  4 hobgoblins
  2 jackals (D:11)
  4 quokkas
  4 frilled lizards
  A goblin skeleton (D:9)
  2 goblin zombies (D:9)
  3 hobgoblin skeletons (D:9)
  3 hobgoblin zombies (D:9)
  12 kobolds
  2 orc skeletons (D:9)
  14 orc zombies (D:9)
  A quokka skeleton (D:4)
  A quokka zombie (D:8)
  8 rats
323 creatures vanquished.

Vanquished Creatures (others)
  Sigmund (D:4)
  35 fungi (D:8)
  18 plants
54 creatures vanquished.

Grand Total: 377 creatures vanquished

Notes
Turn   | Place    | Note
-------+----------+-------------------------------------------
     0 | D:1      | YayAnonymity the Formicid Fighter began the quest for the
                  | Orb.
     0 | D:1      | Reached XP level 1. HP: 18/18 MP: 1/1
    12 | D:1      | Found a shimmering altar of Xom.
   149 | D:1      | Reached XP level 2. HP: 23/24 MP: 2/2
   699 | D:2      | Noticed a howler monkey
   706 | D:2      | Killed a howler monkey
   706 | D:2      | Reached skill level 3 in Axes
   706 | D:2      | Reached XP level 3. HP: 29/30 MP: 3/3
   706 | D:2      | Reached XP level 4. HP: 36/37 MP: 4/4
   714 | D:2      | Noticed Terence
   722 | D:2      | Killed Terence
   728 | D:2      | Reached XP level 5. HP: 31/42 MP: 5/5
  1613 | D:3      | Reached skill level 4 in Axes
  1842 | D:3      | Reached XP level 6. HP: 40/49 MP: 6/6
  1965 | D:3      | Found a snail-covered altar of Cheibriados.
  2107 | D:3      | Found a runed translucent door.
  2108 | D:3      | Noticed Crazy Yiuf
  2537 | D:4      | Noticed Duvessa
  2537 | D:4      | Noticed Dowan
  2537 | D:4      | Noticed Sigmund
  2537 | D:4      | Noticed Grinder
  2555 | D:4      | Killed Duvessa
  2555 | D:4      | Reached skill level 5 in Shields
  2557 | D:4      | Killed Sigmund
  2557 | D:4      | Reached skill level 5 in Fighting
  2557 | D:4      | Reached skill level 5 in Axes
  2557 | D:4      | Reached XP level 7. HP: 16/56 MP: 7/7
  2569 | D:4      | Killed Grinder
  2573 | D:4      | Killed Dowan
  2573 | D:4      | Reached skill level 6 in Axes
  2948 | D:4      | Reached XP level 8. HP: 63/63 MP: 8/8
  3037 | D:4      | Found a staircase to the Ecumenical Temple.
  3060 | Temple   | Entered the Ecumenical Temple
  3262 | D:4      | Found Pajeraob's Weapon Shop.
  3318 | D:4      | Found a glowing golden altar of the Shining One.
  3607 | D:5      | Entered Level 5 of the Dungeon
  3777 | D:5      | Got a bloodstained dagger
  3781 | D:5      | Identified the +9 dagger "Nonuy" {vorpal, rC+ Int+4 SInv}
                  | (You found it on level 5 of the Dungeon)
  3900 | D:5      | Noticed Eustachio
  3938 | D:5      | Killed Eustachio
  3938 | D:5      | Reached skill level 7 in Axes
  3965 | D:5      | Got a polished rapier
  3966 | D:5      | Identified the +7 rapier "Vietyre" {vorpal, +Rage SInv
                  | Stlth+} (You found it on level 5 of the Dungeon)
  4258 | D:6      | Noticed Blork the orc
  4267 | D:5      | Reached XP level 9. HP: 61/71 MP: 9/9
  4383 | D:6      | Killed Blork the orc
  4383 | D:6      | Reached skill level 8 in Axes
  4750 | D:6      | Found a sparkling altar of Nemelex Xobeh.
  4866 | D:6      | Found a shimmering blue altar of Sif Muna.
  5085 | D:6      | Reached skill level 9 in Axes
  5234 | D:7      | Found an opulent altar of Gozag.
  5255 | D:7      | Found a flagged portal.
  5277 | Bailey   | Entered a bailey
  5665 | Bailey   | Reached XP level 10. HP: 50/80 MP: 10/10
  5848 | Bailey   | Reached skill level 10 in Axes
  6722 | D:8      | Found a staircase to the Lair.
  6722 | D:8      | Noticed Prince Ribbit
  6728 | D:8      | Reached skill level 11 in Axes
  7052 | D:8      | Killed Prince Ribbit
  7378 | D:8      | Reached skill level 5 in Armour
  7454 | D:8      | Noticed Pikel
  7457 | D:8      | Noticed Psyche
  7463 | D:8      | Killed Pikel
  7463 | D:8      | Reached XP level 11. HP: 89/89 MP: 11/11
  7471 | D:8      | Killed Psyche
  7474 | D:8      | Got a brightly glowing war axe
  7475 | D:8      | Identified the +6 war axe of Gozag's Scorn {elec, Fragile
                  | +Inv Str+2 Int+2} (You found it on level 8 of the Dungeon)
  7619 | D:8      | Found a shadowy altar of Dithmenos.
  7960 | D:9      | Found a shimmering altar of Xom.
  8139 | D:9      | Reached skill level 12 in Axes
  8235 | D:9      | Found a staircase to the Orcish Mines.
  8244 | D:9      | Reached skill level 10 in Fighting
  8431 | D:9      | Found a stormy altar of Qazlal.
  8720 | D:10     | Entered Level 10 of the Dungeon
  8868 | D:10     | Noticed Erolcha
  8873 | D:10     | Killed Erolcha
  9041 | D:10     | Noticed Josephine
  9056 | D:10     | Killed Josephine
  9561 | D:11     | Noticed a sixfirhy
  9566 | D:11     | Noticed a soul eater
  9916 | D:11     | Noticed a red ugly thing
  9921 | D:11     | Killed a red ugly thing
  9926 | D:11     | Reached XP level 12. HP: 99/99 MP: 12/12
 10650 | D:9      | Became a worshipper of Qazlal Stormbringer
 10816 | D:12     | Reached skill level 13 in Axes
 10816 | D:12     | Reached skill level 1 in Invocations
 10834 | D:12     | HP: 3/100 [tyrant leech (22)]
 10965 | D:12     | Noticed a tengu reaver
 10972 | D:12     | Killed from afar by a tengu reaver

Illustrated notes

Levels and vault maps discovered:
D:1:      minmay_arrival_arboretum_small, layout_loops_ring, xom_teletrap_fun
D:2:      layout_loops_ring, minmay_misc_feat_square, uniq_terence
D:3:      layout_rooms, kennysheep_slug_shrine, hex_intersection, minmay_puff,
          uniq_crazy_yiuf_cottage
D:4:      layout_basic, old_standard_altar, minmay_temple_entry_glass,
          serial_shops, shop, minivault_26, uniq_duvessa, uniq_sigmund,
          uniq_grinder
D:5:      layout_rooms, kennysheep_big_empty_room, minmay_misc_feat_plants,
          uniq_eustachio
D:6:      layout_rooms, lemuel_coloured_pillars_altar, led_sif_pool,
          kennysheep_generic_room_5, uniq_blork_the_orc
D:7:      layout_cave_pools, enter_bailey_6,
          nicolae_gozag_cash_rules_everything_around_me
D:8:      layout_loops_ring, kennysheep_little_box, due_lair_maze_entry_diamond,
          serial_rivers, chequers_serial_rivers_micro_b,
          chequers_serial_rivers_large_b, chequers_serial_rivers_micro_a,
          chequers_serial_rivers_small_b, chequers_serial_rivers_micro_e,
          uniq_psyche, uniq_prince_ribbit1, uniq_pikel
D:9:      layout_basic, nicolae_qazlal_general_emergency,
          nicolae_overflow_hidden_temple, zombieorc2_lemuel
D:10:     layout_cross, uniq_josephine, uniq_erolcha
D:11:     layout_gridville
D:12:     minmay_the_grid_square_5x5_4x4 [minmay_the_grid_square_5x5_inner_z,
          minmay_the_grid_square_5x5_z, minmay_the_grid_square_5x5_spiral,
          minmay_the_grid_square_5x5_checkered, minmay_the_grid_square_5x5_v,
          minmay_the_grid_square_5x5_prize_monsterx,
          minmay_the_grid_square_5x5_prize_deathbox,
          minmay_the_grid_square_5x5_longway,
          minmay_the_grid_square_5x5_three_small,
          minmay_the_grid_square_5x5_prize_pseudospiral,
          minmay_the_grid_square_5x5_prize_snowflake,
          minmay_the_grid_square_5x5_inner_i,
          minmay_the_grid_square_5x5_bracketed,
          minmay_the_grid_square_5x5_shrine1,
          minmay_the_grid_square_5x5_percent,
          minmay_the_grid_square_5x5_spiral_small], layout_long_grid,
          serial_ice, serial_ice_n, serial_ice_b, serial_ice_l, serial_ice_o,
          portal_ice_cave_entry_ice_beasts, minmay_door_square, worms_lemuel,
          uniq_sonja
Temple:   regret_index_temple_waves

Skill      XL: |  1  2  3  4  5  6  7  8  9 10 11 12 |
---------------+-------------------------------------+-----
Axes           | 3 4 5 6 7 9 11 12 13 | 13.1
Shields        | 4 5 6 7 8 |  8.0
Fighting       | 4 5 6 8 9 10 11 | 11.3
Armour         | 5 7 8 |  8.3
Invocations    | 3 |  3.8

Action                   |  1- 3 |  4- 6 |  7- 9 | 10-12 || total
-------------------------+-------+-------+-------+-------++-------
Melee: War axe           |    46 |   160 |    82 |   264 ||   552
       Rapier            |       |       |   211 |   199 ||   410
       Dagger            |       |       |    23 |       ||    23
       Hand axe          |       |       |    41 |    27 ||    68
Throw: Throwing net      |       |       |       |     1 ||     1
 Abil: Dig               |       |       |     1 |     4 ||     5
Evoke: Wand              |       |       |       |     1 ||     1
  Use: Potion            |       |     1 |     1 |     3 ||     5
       Scroll            |       |       |    16 |     6 ||    22
 Stab: Sleeping          |       |       |     3 |     2 ||     5
Armor: Scale mail        |    23 |    41 |     6 |       ||    70
       Ring mail         |       |       |    97 |    98 ||   195
Dodge: Dodged            |    23 |    44 |    98 |   111 ||   276
Block: Kite shield       |    16 |    98 |   368 |   349 ||   831
       Reflection        |       |       |     2 |    15 ||    17

Table legend: (Time is in decaauts)
 A = Elapsed time spent in this place.
 B = Non-inter-level travel time spent in this place.
 C = Inter-level travel time spent in this place.
 D = Time resting spent in this place.
 E = Time spent auto-exploring this place.
 F = Levels seen in this place.
 G = Mean time per level.
                   A        B        C        D        E       F      G
               +--------+--------+--------+--------+--------+-----+--------+
         Total |  11173 |  10379 |    794 |   1395 |   6062 |  14 |  798.1 |
       Dungeon |  10186 |   9421 |    765 |   1195 |   5804 |  12 |  848.8 |
        Temple |    114 |     86 |     28 |      0 |     85 |   1 |  114.0 |
        Bailey |    872 |    872 |      0 |    200 |    172 |   1 |  872.0 |
               +--------+--------+--------+--------+--------+-----+--------+

Top non-repeatable levels by time:
     D:4: 1134 daAuts
     D:8: 1030 daAuts
     D:9: 973 daAuts
    D:11: 955 daAuts
     D:2: 942 daAuts
     D:7: 925 daAuts
    D:10: 916 daAuts
     D:3: 891 daAuts
  Bailey: 872 daAuts
     D:5: 821 daAuts
     D:6: 717 daAuts
     D:1: 707 daAuts
    D:12: 170 daAuts
  Temple: 114 daAuts
